AoeStats
← 一剑扫秋风nelson

African Clearing

504664269Analyzed
4v4 RM · 27d ago on Sep 6, 2026· 40m 47s· 8 players
Game mode
Random Map
Map size
Large (8 player)
Population
200
Speed
Normal
Resources
Standard
Victory
Conquest
Starting age
Dark Age
Ending age
Imperial Age
RankedLock teamsTeams togetherTeam positionsShared explorationLock speedFull tech treeHidden civsTurbo modeCheats
Victory
Defeat
🇨🇳 Mapuche · China
1883
+6
🇨🇳 Koreans · China
1701
+12
🇨🇳 Shu · China
1623
+15
🇨🇳 Saracens · China
1613
+16
🇺🇸 Koreans · United States
1693
-15
🇺🇸 Saracens · United States
1645
-13
🇺🇸 Romans · United States
1610
-12
🇺🇸 Huns · United States
1525
-9
BomBomB0
5:48 Loom
13:49 Feudal Age
17:34 Castle Age
16:11 Double-Bit Axe
16:39 Horse Collar
19:56 Bow Saw
23:11 Forging
24:28 Fletching
25:38 Bodkin Arrow
28:00 Scale Barding Armor
28:35 Wheelbarrow
27:47 Town Watch
28:06 Stone Mining
30:45 Gold Mining
31:38 Iron Casting
34:15 Bimaristan
41:27 Hand Cart
Random
9:08 Loom
11:09 Feudal Age
11:49 Double-Bit Axe
13:58 Horse Collar
18:00 Scale Barding Armor
18:05 Forging
20:08 Bloodlines
19:49 Gold Mining
23:24 Castle Age
29:20 Fletching
32:11 Heavy Plow
32:22 Bow Saw
33:37 Husbandry
39:13 Town Watch
40:30 Wheelbarrow
KaLong
2:43 Loom
11:37 Feudal Age
12:19 Double-Bit Axe
13:44 Forging
17:57 Scale Barding Armor
17:52 Scale Mail Armor
25:21 Castle Age
26:34 Chain Barding Armor
26:50 Iron Casting
27:27 Horse Collar
嗚
6:28 Loom
15:28 Feudal Age
16:13 Double-Bit Axe
19:30 Castle Age
17:34 Fishing Lines
17:46 Stone Mining
18:23 Gold Mining
20:33 Bow Saw
20:27 Fletching
20:38 Gillnets
22:15 Bodkin Arrow
27:50 Ballistics
28:09 Gold Shaft Mining
30:20 Thumb Ring
30:38 Husbandry
38:16 Imperial Age
37:09 Stone Shaft Mining
39:09 Bracer
40:11 Chemistry
40:34 Conscription
一剑扫秋风nelson
7:27 Loom
12:24 Feudal Age
15:55 Town Watch
17:02 Fletching
18:02 Double-Bit Axe
31:07 Castle Age
29:02 Horse Collar
29:54 Gold Mining
31:42 Bodkin Arrow
31:50 Padded Archer Armor
31:13 Elite Skirmisher
31:57 Heavy Plow
33:15 Pikeman
40:31 Ballistics
苏东坡的粉丝
4:51 Loom
14:23 Feudal Age
20:34 Castle Age
18:41 Double-Bit Axe
19:36 Horse Collar
21:18 Forging
20:41 Light Cavalry
27:15 Bow Saw
30:16 Scale Barding Armor
31:00 Wheelbarrow
35:04 Hand Cart
34:53 Heavy Plow
34:47 Gold Mining
34:48 Stone Mining
36:02 Chain Barding Armor
38:02 Stone Mining
38:49 Gold Shaft Mining
42:16 Imperial Age
40:35 Iron Casting
40:35 Bloodlines
灯笼
12:55 Feudal Age
13:42 Loom
17:20 Castle Age
15:45 Double-Bit Axe
17:10 Fletching
18:40 Bodkin Arrow
19:49 Wheelbarrow
20:05 Bow Saw
23:07 Ballistics
30:53 Sanctity
40:19 Imperial Age
39:46 Horse Collar
40:47 Masonry
灵魂恰恰恰
12:29 Feudal Age
13:25 Double-Bit Axe
16:08 Castle Age
17:22 Bow Saw
17:49 Crossbowman
18:35 Gold Mining
20:01 Horse Collar
20:58 Fletching
22:34 Bodkin Arrow
24:01 Padded Archer Armor
25:36 Gold Shaft Mining
28:06 Wheelbarrow
27:16 Loom
28:25 Husbandry
28:32 Town Watch
29:15 Leather Archer Armor
29:55 Ballistics
31:30 Thumb Ring
32:43 Hand Cart
36:40 Imperial Age
36:32 Coinage
36:45 Heavy Cavalry Archer
37:32 Siege Engineers
38:29 Chemistry
37:30 Bracer
38:00 Ring Archer Armor
38:02 Conscription
38:33 Town Patrol
Connection lost

Rejoining the realm…

Still unreachable

The connection could not be restored.

Session expired

The server has moved on; the page needs a fresh start.